 Dungeon Crawl Stone Soup version 0.29.1-2-gbd0b4ee654 (webtiles) character file.

Game seed: 10691733198805664960

23 HolyTactitian the Firebug (level 2, 0/15 HPs)
             Began as a Gargoyle Fire Elementalist on Nov 5, 2022.
             Was a Follower of Sif Muna.
             Slain by a hobgoblin (2 damage)
             ... on level 1 of the Dungeon on Nov 6, 2022.
             The game lasted 00:29:59 (1990 turns).

HolyTactitian the Firebug (GrFE)                    Turns: 1990, Time: 00:30:00

Health: 0/15       AC:  5    Str: 11    XL:     2   Next: 95%
Magic:  3/5        EV: 11    Int: 15    God:    Sif Muna [*.....]
Gold:   84         SH:  0    Dex: 16    Spells: 2/5 levels left

rFire   . . .      SeeInvis .   f - +0 rapier
rCold   . . .      Faith    .   (no shield)
rNeg    + . .      Spirit   .   i - +0 leather armour
rPois   ∞          Reflect  .   (no helmet)
rElec   +          Harm     .   (no cloak)
rCorr   .          Rampage  .   (no gloves)
Will    .....                   (no boots)
Stlth   ++........              (no amulet)
HPRegen 0.05/turn               n - +6 ring of dexterity
MPRegen 0.09/turn               (no ring)

@: no status effects
A: sickness immunity, AC +2, negative energy resistance 1, electricity
resistance, torment resistance 1, petrification resistance
a: Renounce Religion, Channel Magic


You were on level 1 of the Dungeon.
You worshipped Sif Muna.
Sif Muna was aware of your devotion.
You visited 1 branch of the dungeon, and saw 2 of its levels.

You collected 84 gold pieces.

Inventory:

Hand Weapons
 f - a +0 rapier (weapon)
 h - a +0 dagger
Armour
 a - a +0 robe
 e - a +0 robe
 i - a +0 leather armour (worn)
Jewellery
 n - a +6 ring of dexterity (left hand)
Scrolls
 j - a scroll of identify {unknown}
 l - a scroll of immolation {unknown}
Potions
 b - a potion of magic
 c - a potion of might {unknown}
 d - a potion of heal wounds {unknown}
 g - a potion of mutation {unknown}
 k - 2 potions of brilliance {unknown}
 m - a potion of curing {unknown}


   Skills:
 + Level 0.1 Short Blades
 + Level 1.6 Dodging
 + Level 2.5 Stealth
 + Level 2.4 Spellcasting
 + Level 1.1 Conjurations
 + Level 3.4 Fire Magic


You had 2 spell levels left.
You knew the following spells:

 Your Spells              Type           Power      Damage    Failure   Level
a - Foxfire               Conj/Fire      32%        2x1d5     11%         1
b - Scorch                Fire           24%        2d6       11%         2

Your spell library contained the following spells:

 Spells                   Type           Power      Damage    Failure   Level
 Conjure Flame            Conj/Fire      8%         6-21      32%         3
 Inner Flame              Hex/Fire       6%         N/A       38%         3
 Stone Arrow              Conj/Erth      6%         3d7       56%         3
 Gell's Gravitas          Tloc           1%         N/A       63%         3
 Teleport Other           Tloc           1%         N/A       63%         3
 Flame Wave               Conj/Fire      8%         2d5       73%         4
 Animate Armour           Summ/Erth      2%         N/A       95%         4
 Dispersal                Tloc           0%         N/A       100%        6
 Borgnjor's Revivificati  Necr           0%         N/A       100%        8
 Lehudib's Crystal Spear  Conj/Erth      1%         10d2      100%        8
 Necromutation            Tmut/Necr      0%         N/A       100%        8
 Death's Door             Necr           0%         N/A       100%        9


Dungeon Overview and Level Annotations

Branches:
Dungeon (2/15)

Altars:
Sif Muna

Annotations:
D:2 Sigmund


Innate Abilities, Weirdness & Mutations

You are immune to sickness and miasma.
Your stone body is resilient. (AC +2)
You are immune to poison.
You resist negative energy. (rN+)
You are resistant to electric shocks. (rElec)
You are resistant to unholy torment.
You are immune to petrification.


Message History

You're too confused to cast spells.
You bump into the rock wall.
You feel less confused.
The orc wizard hits you but does no damage.
The hobgoblin hits you. The orc hits you with a +0 flail.
Casting: Scorch (safe; 11% risk of failure)
Press: ? - help, Q - select action, (/) - cycle Dir - look around, f - activate Look: an orc wizard, wielding a +0 dagger and wearing a +0 robe Flames lash the orc.
You kill the orc!
Sif Muna accepts your kill. The orc wizard closely misses you.
The hobgoblin hits you but does no damage.
You hit the orc wizard but do no damage.
The orc wizard hits you but does no damage.
The hobgoblin closely misses you.
You hit the orc wizard.
The orc wizard is moderately wounded.
The orc wizard hits you but does no damage.
The hobgoblin barely misses you.
You closely miss the orc wizard.
The orc wizard is moderately wounded.
The orc wizard closely misses you. The hobgoblin barely misses you.
You closely miss the orc wizard.
The orc wizard is moderately wounded.
The orc wizard hits you with a +0 dagger.
The hobgoblin closely misses you. The hobgoblin hits you.
* * * LOW HITPOINT WARNING * * *
The orc wizard casts a spell at you. You resist with significant effort.
You barely miss the orc wizard.
The orc wizard is moderately wounded.
The orc wizard barely misses you.
The hobgoblin hits you but does no damage.
You barely miss the orc wizard.
The orc wizard is moderately wounded.
The orc wizard hits you with a +0 dagger.
* * * LOW HITPOINT WARNING * * *
The hobgoblin hits you.
You die...

#######
##.....#
######
#..#####
#....# #.##
...# #....#
#.# #####
#....# ####.##
#.)..# ......#
######....#
......###
#..g@)....#
........#
####o#....####
........#
#.........#
...##...#
#.........#
##.##...#
#.........#
#......#
#.........#
#######.#
#.........#
.##.PP#.#
#.........#
.##...#.#
#.........#


You could see an orc wizard and a hobgoblin.

Vanquished Creatures
  2 orcs
  A ball python (D:1)
  3 endoplasms (D:1)
  A giant cockroach (D:1)
  A hobgoblin (D:1)
  A quokka (D:1)
  4 bats
  A frilled lizard (D:1)
  2 goblins (D:1)
  A kobold (D:1)
  2 rats
19 creatures vanquished.

Vanquished Creatures (others)
  27 foxfires
27 creatures vanquished.

Grand Total: 46 creatures vanquished

Notes
Turn   | Place    | Note
-------+----------+-------------------------------------------
     0 | D:1      | HolyTactitian the Gargoyle Fire Elementalist began the
                  | quest for the Orb.
     0 | D:1      | Reached XP level 1. HP: 10/10 MP: 3/3
   140 | D:1      | Found a faded altar of an unknown god.
   412 | D:1      | Prayed at the altar of an unknown god.
   412 | D:1      | Became a worshipper of Sif Muna the Loreminder
   412 | D:1      | Reached * piety under Sif Muna
   649 | D:1      | Reached XP level 2. HP: 15/15 MP: 3/5
   704 | D:1      | Learned a level 2 spell: Scorch
  1620 | D:2      | Noticed Sigmund
  1990 | D:1      | Slain by a hobgoblin

Illustrated notes

Levels and vault maps discovered:
D:1:      sevenhm_arrival_forest_fort_large_4, layout_basic, serial_aquarium,
          aquarium_bridge_square [aquarium_subvault_balcony,
          aquarium_subvault_bridge, aquarium_subvault_wall,
          aquarium_subvault_balcony], aquarium_window_fake, aquarium_window_1,
          aquarium_window_fake, aquarium_window_1, aquarium_view_2c,
          aquarium_balcony_double_1, aquarium_pool_2,
          hellmonk_ecumenical_altar_crossroads
D:2:      layout_basic, minmay_strange_pillars, grunt_ministairs_15,
          minmay_quadrilaterals, uniq_sigmund

Action                   || total
-------------------------++-------
Melee: Unarmed           ||     3
       Rapier            ||    17
 Cast: Foxfire           ||    18
       Scorch            ||     6
  Use: Potion            ||     1
Armor: Robe              ||     2
       Leather armour    ||     9
Dodge: Dodged            ||    30
